 Dungeon Crawl Stone Soup version 0.30-b1-2-g02819fbbbe (webtiles) character file.

Game seed: 11009154041543287688

26 Maffolandro the Changer (level 3, -1/28 HPs)
             Began as a Human Wanderer on Dec 23, 2023.
             Succumbed to Terence's poison
             ... on level 2 of the Dungeon.
             The game lasted 00:04:12 (853 turns).

Maffolandro the Changer (Human Wanderer)             Turns: 853, Time: 00:04:12

Health: -1/28      AC:  6    Str: 20    XL:     3   Next: 22%
Magic:  6/7        EV:  9    Int: 13    God:
Gold:   46         SH:  0    Dex: 11    Spells: 7/8 levels left

rFire   . . .        a - +3 short sword (drain)
rCold   . . .        (no shield)
rNeg    . . .        h - +0 scale mail
rPois   .            (helmet currently unavailable)
rElec   .            (no cloak)
rCorr   .            (no gloves)
SInv    .            (boots currently unavailable)
Will    .....        (no amulet) Stlth
                     j - +6 ring of strength
HPRegen 0.24/turn    (no ring)
MPRegen 0.10/turn

%: no passive effects
@: lethally poisoned (-1 -> -18), appendages (expiring), invisible
A: horns 2, talons 2
a: End Transformation


You were on level 2 of the Dungeon.
You had temporarily grown beastly horns and talons.
You visited 1 branch of the dungeon, and saw 2 of its levels.

You collected 46 gold pieces.

Inventory:

Hand Weapons
 a - a +3 short sword of draining (weapon)
Missiles
 b - 16 poisoned darts (quivered)
Armour
 d - a +0 robe
 h - a +0 scale mail (worn)
Jewellery
 j - a +6 ring of strength (left hand)
Scrolls
 g - a scroll of vulnerability {unknown}
 i - a scroll of enchant weapon {unknown}
 k - a scroll of fog {unknown}
 l - a scroll of identify {unknown}
 m - a scroll of immolation {unknown}
Potions
 c - a potion of invisibility
 e - 2 potions of curing {unknown}
 f - 2 potions of berserk rage {unknown}


   Skills:
 * Level 2.6 Fighting
 - Level 1.0 Throwing
 - Level 1.0 Dodging
 - Level 3.0 Spellcasting
 - Level 3.0 Transmutations
 - Level 2.0 Evocations


You had 7 spell levels left.
You knew the following spells:

 Your Spells              Type           Power      Damage    Failure   Level
a - Beastly Appendage     Tmut           18%        N/A       21%         1

Your spell library contained the following spells:

 Spells                   Type           Power      Damage    Failure   Level
 Sting                    Tmut/Pois      20%        1d4       36%         1
 Passwall                 Tmut/Erth      4%         N/A       50%         2
 Apportation              Tloc           2%         N/A       56%         1
 Summon Small Mammal      Summ           4%         N/A       56%         1
 Call Canine Familiar     Summ           1%         N/A       90%         3
 Alistair's Intoxication  Tmut/Pois      3%         N/A       100%        5


Dungeon Overview and Level Annotations

Branches:
Dungeon (2/15)

Altars:

Annotations:
D:2 Terence


Innate Abilities, Weirdness & Mutations

You have temporarily grown beastly horns and talons.


Message History

You see here a +0 sling.
Terence the Incautious comes into view.
He is wielding a +4 mace of venom and wearing a +2 chain mail of cold resistance.
Terence shouts!
You aren't carrying any items that you can evoke.
Okay, then.
Unknown command.
Casting: Beastly Appendage (safe; 21% risk of failure)
Confirm with . or Enter, or press ? or * to list all spells.
You grow a pair of large bovine horns.
Your feet morph into talons.
Casting: Beastly Appendage (safe; 21% risk of failure)
Confirm with . or Enter, or press ? or * to list all spells.
You fail to extend your transformation any further.
You fade into invisibility!
You hit Terence but do no damage. Terence misses you.
You completely miss Terence.
Terence hits you with a +4 mace of venom!
You are poisoned.
You hit Terence. You drain Terence. You claw Terence, but do no damage.
Terence is lightly wounded.
You feel sick.
Terence hits you with a +4 mace of venom.
You are lethally poisoned!
You barely miss Terence.
Terence is lightly wounded.
You feel very sick. Terence hits you but does no damage.
You are more poisoned.
You hit Terence but do no damage. You drain Terence.
You claw Terence, but do no damage. You headbutt Terence, but do no damage.
Terence is moderately wounded.
Your transformation is almost over.
* * * LOW HITPOINT WARNING * * *
You feel very sick.
Terence hits you with a +4 mace of venom.
* * * LOW HITPOINT WARNING * * *
You catch the helpless Terence completely off-guard!
You hit Terence. You drain Terence. You claw Terence, but do no damage.
Your headbutt misses Terence.
Terence is severely wounded.
You die...

#.#. #.#.#########.#
#....<......#.#
..#.#.#####.#.#
#.......# #.#.#
..#.#.#.###.#.#######
..............#.....#
.##.###.###...#.....#.#
.... #.# #.....@@....#
##..###.###..##.....###
#.........).##.........
#..###.####.##.########
.. #..# #.##.# ##.#
#.##.# ##.###.##.#
#.###...##.##.#
#..........#


You could see Terence (unable to see you, very drained).

Vanquished Creatures
  A dart slug (D:1)
  3 ball pythons
  An endoplasm (D:1)
  2 giant cockroaches
  A goblin (D:1)
  2 jackals (D:1)
  7 kobolds (D:1)
  A bat (D:1)
  3 frilled lizards (D:1)
  2 rats (D:1)
23 creatures vanquished.

Notes
Turn   | Place    | Note
-------+----------+-------------------------------------------
     0 | D:1      | Maffolandro the Human Wanderer began the quest for the Orb.
     0 | D:1      | Maffolandro set off with the following items: a +0 dagger,
                  | 12 poisoned darts, a potion of invisibility, a +0 robe; and
                  | the following spells available to memorise: Beastly
                  | Appendage, Sting, Passwall, Summon Small Mammal, Call
                  | Canine Familiar.
     0 | D:1      | Reached XP level 1. HP: 13/13 MP: 4/4
    12 | D:1      | Learned a level 1 spell: Beastly Appendage
   177 | D:1      | Reached skill level 1 in Fighting
   235 | D:1      | Reached XP level 2. HP: 21/21 MP: 4/6
   548 | D:1      | Reached XP level 3. HP: 28/28 MP: 4/7
   843 | D:2      | Noticed Terence
   853 | D:2      | Succumbed to Terence's poison

Illustrated notes

Levels and vault maps discovered:
D:1:      minmay_arrival_solitary_statue, layout_basic
D:2:      layout_loops_ring, serial_shops, nicolae_shop_overgrown_old_shop,
          uniq_terence

Skill      XL: |  1  2 |
---------------+-------+-----
Fighting       | 1 2 |  2.6
Throwing       | |  1.0
Dodging        | |  1.0
Spellcasting   | |  3.0
Transmutations | |  3.0
Evocations     | |  2.0

Action                     || total
---------------------------++-------
  Melee: Spear             ||    24
         Headbutt          ||     3
         Short sword       ||    20
         Kick              ||     8
   Cast: Beastly Appendage ||    17
    Use: Potion            ||     1
   Stab: Invisible         ||     1
 Armour: Robe              ||     2
         Scale mail        ||     6
  Dodge: Dodged            ||    10
